 Dungeon Crawl Stone Soup version 0.23-a0-143-g1adec7bb76 (webtiles) character file.

5163 Napalmbreeze the Cleaver (level 10, -8/92 HPs)
             Began as a Deep Dwarf Fighter on Sept 1, 2018.
             Was a Follower of Makhleb.
             Mangled by a troll (9 damage)
             ... on level 10 of the Dungeon.
             The game lasted 00:16:48 (8275 turns).

Napalmbreeze the Cleaver (Deep Dwarf Fighter)       Turns: 8275, Time: 00:16:49

Health: -8/92      AC:  8    Str: 25    XL:     10   Next: 33%
Magic:  5/5        EV: 13    Int:  8    God:    Makhleb [*.....]
Gold:   611        SH: 11    Dex: 15    Spells: 9/9 levels left

rFire    x . .     SeeInvis .   a - +0 war axe
rCold    + . .     Gourm    .   c - +0 shield
rNeg     . . .     Faith    .   b - +0 scale mail
rPois    .         Spirit   .   (no helmet)
rElec    .         Reflect  .   (no cloak)
rCorr    .         Harm     .   (no gloves)
MR       +....                  (no boots)
Stlth    ..........             (no amulet)
HPRegen  0.00/turn              x - +4 ring of strength
MPRegen  0.09/turn              s - ring of ice

@: non-regenerating
A: damage resistance, heal wounds, sense surroundings 2, no regeneration
a: Heal Wounds, Renounce Religion


You were on level 10 of the Dungeon.
You worshipped Makhleb.
Makhleb was aware of your devotion.
You were hungry.

You visited 2 branches of the dungeon, and saw 11 of its levels.

You collected 611 gold pieces.

Inventory:

Hand Weapons
 a - a +0 war axe (weapon)
Armour
 b - a +0 scale mail (worn)
 c - a +0 shield (worn)
Jewellery
 s - a ring of ice (right hand)
 x - a +4 ring of strength (left hand)
 A - an uncursed ring of poison resistance
 F - an uncursed ring of stealth
Wands
 e - a wand of disintegration (11)
 t - a wand of iceblast (6)
 B - a wand of enslavement (7)
Scrolls
 g - 2 scrolls of remove curse
 h - 5 scrolls of teleportation
 l - a scroll of fog {unknown}
 m - 2 scrolls of enchant weapon {unknown}
 q - 3 scrolls of enchant armour {unknown}
 u - 3 scrolls of blinking {unknown}
 y - 2 scrolls of fear {unknown}
 D - a scroll of holy word {unknown}
 G - 4 scrolls of identify
 H - a scroll of summoning {unknown}
 I - a scroll of magic mapping
Potions
 d - 2 potions of might
 i - a potion of mutation {unknown}
 j - 2 potions of agility
 k - 2 potions of flight {unknown}
 n - 7 potions of curing {unknown}
 o - a potion of magic {unknown}
 p - a potion of brilliance {unknown}
 r - a potion of ambrosia {unknown}
 v - 2 potions of lignification {unknown}
 w - a potion of resistance {unknown}
 z - 2 potions of degeneration {unknown}
 C - a potion of heal wounds {unknown}
 E - a potion of cancellation {unknown}
Comestibles
 f - 25 rations


   Skills:
 + Level 6.4 Fighting
 * Level 10.2 Axes
 + Level 7.7 Armour
 + Level 6.7 Dodging
 + Level 7.1 Shields


You had 9 spell levels left.
You didn't know any spells.
Your spell library was empty.

Dungeon Overview and Level Annotations

Branches:
Dungeon (10/15)            Temple (1/1) D:6
   Lair: D:8-11         Orc: D:9-12

Altars:
Ashenzari
Cheibriados
Dithmenos
Elyvilon
Fedhas
Gozag
Hepliaklqana
Kikubaaqudgha
Makhleb
Nemelex Xobeh
Okawaru
Qazlal
Ru
Sif Muna
Trog
Uskayaw
Vehumet
Wu Jian
Xom
Yredelemnul
Zin
The Shining One

Shops:
D:7 (

Annotations:
D:5 1 runed door, nawrastar's ghost, novice TrTm


Innate Abilities, Weirdness & Mutations

You are resistant to damage.
You can heal yourself by infusing magical energy.
You passively map the area around you.
You do not regenerate.


Message History

You hit the troll.
The troll is moderately wounded.
You block the troll's attack. The troll claws you. The troll claws you!
* * * LOW HITPOINT WARNING * * *
You completely miss the troll.
The troll is lightly wounded.
You block the troll's attack. The troll completely misses you.
The troll claws you!
* * * LOW HITPOINT WARNING * * *
You slash the troll!
The troll is moderately wounded.
The troll barely misses you. You block the troll's attack. The troll claws you!
* * * LOW HITPOINT WARNING * * *
You hit the troll.
The troll is heavily wounded.
The troll bites you but does no damage. You block the troll's attack. x2
You closely miss the troll.
The troll is heavily wounded.
The troll bites you!
You die...

, * , , #. * ** #.# , ,
# #.# * * * # #.# , , #
#.# , # #.# * , , #
#######.##########..
#####...........@T......
'...<.####..##########..
, , ####### ##.## * , #
#..# * #.## #.# * * #.#
#### ####'##### ...#
#........# ,


You could see a troll.

Vanquished Creatures
  A two-headed ogre (D:8)
  A hippogriff (D:9)
  Sigmund (D:5)
  A yak (D:7)
  A human (D:7)
  3 hogs (D:7)
  Edmund (D:4)
  A water moccasin (D:9)
  3 orc warriors
  A sky beast (D:5)
  2 phantoms (D:6)
  8 ogres
  2 black bears
  3 centaurs
  A big kobold (D:9)
  5 bullfrogs
  A water moccasin zombie (D:10)
  A scorpion (D:9)
  2 howler monkeys (D:8)
  3 crimson imps
  A centaur zombie (D:6)
  A bullfrog zombie (D:9)
  5 hounds
  A jelly (D:10)
  An orc wizard (D:9)
  6 iguanas
  3 orc priests
  6 worker ants
  A hound zombie (D:5)
  A worker ant zombie (D:5)
  A howler monkey zombie (D:9)
  3 gnolls (D:6)
  5 adders
  2 shadow imps (D:8)
  An ooze (D:6)
  5 adder skeletons
  3 worms
  2 dart slugs (D:1)
  11 leopard geckos
  21 orcs
  3 giant cockroaches
  12 goblins
  6 hobgoblins
  12 jackals
  9 kobolds
  2 quokkas (D:7)
  6 bats
  2 frilled lizards (D:1)
  A leopard gecko skeleton (D:4)
  16 rats
  A butterfly (D:6)
192 creatures vanquished.

Vanquished Creatures (others)
  A human (D:7)
1 creature vanquished.

Grand Total: 193 creatures vanquished

Notes
Turn   | Place    | Note
-------+----------+-------------------------------------------
     0 | D:1      | Napalmbreeze the Deep Dwarf Fighter began the quest for the
                  | Orb.
     0 | D:1      | Reached XP level 1. HP: 20/20 MP: 1/1
    82 | D:1      | Reached XP level 2. HP: 27/27 MP: 2/2
   256 | D:1      | Reached skill level 1 in Dodging
   377 | D:1      | Reached skill level 3 in Axes
   377 | D:1      | Reached XP level 3. HP: 30/33 MP: 3/3
   922 | D:2      | Found an opulent altar of Gozag.
  1271 | D:3      | Found a blossoming altar of Fedhas.
  1311 | D:3      | Reached XP level 4. HP: 32/42 MP: 4/4
  1331 | D:3      | Found a stormy altar of Qazlal.
  1710 | D:4      | Reached skill level 4 in Axes
  1754 | D:4      | Reached XP level 5. HP: 29/49 MP: 5/5
  1808 | D:4      | Noticed Edmund
  1820 | D:4      | Killed Edmund
  1841 | D:4      | Reached XP level 6. HP: 46/56 MP: 6/6
  1891 | D:4      | Reached skill level 5 in Axes
  2770 | D:5      | Entered Level 5 of the Dungeon
  2785 | D:5      | Noticed Sigmund
  2816 | D:5      | Killed Sigmund
  2816 | D:5      | Reached XP level 7. HP: 21/64 MP: 6/6
  2937 | D:5      | Reached skill level 5 in Armour
  3119 | D:5      | Reached skill level 6 in Axes
  3399 | D:5      | Found a runed door.
  3400 | D:5      | Noticed nawrastar's ghost (novice TrTm)
  3420 | D:5      | Found a white marble altar of Elyvilon.
  3420 | D:5      | Found a shadowy altar of Dithmenos.
  3420 | D:5      | Found an ornate altar of the Wu Jian Council.
  3601 | D:5      | Reached XP level 8. HP: 57/73 MP: 6/6
  3929 | D:6      | Found a staircase to the Ecumenical Temple.
  3954 | D:6      | Reached skill level 7 in Axes
  4042 | D:6      | Reached skill level 5 in Shields
  4215 | D:6      | Reached skill level 5 in Fighting
  4620 | D:7      | Found Elisouju's Weapon Shoppe.
  4651 | D:7      | Found an ancient bone altar of Kikubaaqudgha.
  4691 | D:7      | Reached skill level 8 in Axes
  4712 | D:7      | Reached skill level 5 in Dodging
  5008 | D:7      | Gained mutation: You passively map the area around you.
                  | [Deep Dwarf growth]
  5008 | D:7      | Reached XP level 9. HP: 35/81 MP: 7/7
  5778 | D:7      | Reached skill level 9 in Axes
  5921 | Temple   | Entered the Ecumenical Temple
  5937 | Temple   | Became a worshipper of Makhleb the Destroyer
  6043 | D:7      | Found an ancient bone altar of Kikubaaqudgha.
  6426 | D:8      | Found a sparkling altar of Nemelex Xobeh.
  6503 | D:8      | Noticed a two-headed ogre
  6520 | D:8      | Killed a two-headed ogre
  6533 | D:8      | Reached XP level 10. HP: 58/91 MP: 8/8
  7351 | D:9      | Reached * piety under Makhleb
  7434 | D:9      | Reached skill level 10 in Axes
  8158 | D:10     | Entered Level 10 of the Dungeon
  8273 | D:10     | HP: 1/92 [troll (5)]
  8275 | D:10     | Mangled by a troll

Vault maps used:
D:1:      nicolae_arrival_memento_mori, minmay_misc_feat_columns,
          nrook_mini_vaults
D:2:      nicolae_gozag_cash_rules_everything_around_me
D:3:      cheibrodos_old_hovel, grunt_temple_overflow_forces_of_nature,
          minmay_misc_feat_pillars
D:4:      kennysheep_six_static_rooms, first_ration, uniq_edmund
D:5:      gammafunk_temple_overflow_forgotten, ebering_ghost_reflecting_pool,
          minmay_ogre_servants, uniq_sigmund
D:6:      minmay_temple_entry_butterflies
D:7:      serial_shops, kennysheep_little_box, grunt_livestock,
          tgw_kikubaaqudgha
D:8:      nemelex_spade_bored_becter
D:10:     lair_entry_dummy, enter_bailey_2, serial_shops, kennysheep_mini
Temple:   nicolae_temple_x_marks_the_god

Skill      XL: |  1  2  3  4  5  6  7  8  9 10 |
---------------+-------------------------------+-----
Dodging        | 1 2 3 5 6 |  6.7
Axes           | 3 4 5 6 8 9 10 | 10.2
Fighting       | 3 4 5 6 |  6.4
Armour         | 4 5 6 7 |  7.7
Shields        | 4 5 6 7 |  7.1

Action                   |  1- 3 |  4- 6 |  7- 9 | 10-12 || total
-------------------------+-------+-------+-------+-------++-------
Melee: War axe           |   127 |   130 |   310 |   173 ||   740
 Abil: Heal Wounds       |       |     4 |    17 |     6 ||    27
  Use: Scroll            |     5 |     1 |     1 |       ||     7
  Eat: Chunk             |     2 |     4 |     9 |     2 ||    17
       Ration            |       |       |     1 |     1 ||     2
Armor: Scale mail        |    39 |    35 |    77 |    62 ||   213
Dodge: Dodged            |    30 |    35 |   128 |    93 ||   286
Block: Shield            |    59 |    65 |   182 |   119 ||   425

Table legend:
 A = Non-vault XP
 B = Vault XP
 C = Vault XP percentage of total XP
 D = Non-vault monster count
 E = Vault monster count
 F = Vault count percentage of total count
                 A         B        C        D         E       F
            +---------+---------+-------+---------+---------+-------
      Total |    5801 |    1576 |  21.4 |     170 |      21 |  11.0
            +---------+---------+-------+---------+---------+-------
        D:1 |      41 |       0 |   0.0 |      23 |       0 |   0.0
        D:2 |      39 |       0 |   0.0 |      15 |       0 |   0.0
        D:3 |      26 |       2 |   7.1 |      15 |       1 |   6.2
        D:4 |     371 |     191 |  34.0 |      13 |       5 |  27.8
        D:5 |     576 |     356 |  38.2 |      12 |      10 |  45.5
        D:6 |    1058 |       0 |   0.0 |      32 |       0 |   0.0
        D:7 |     523 |    1027 |  66.3 |      13 |       5 |  27.8
        D:8 |    1772 |       0 |   0.0 |      20 |       0 |   0.0
        D:9 |    1057 |       0 |   0.0 |      21 |       0 |   0.0
       D:10 |     338 |       0 |   0.0 |       6 |       0 |   0.0
            +---------+---------+-------+---------+---------+-------
